 Dungeon Crawl Stone Soup version 0.31.0-11-ge490571c62 (webtiles) character file.

Game seed: 3990130470974393536

22 qw the Shooter (level 2, -1/14 HPs)
             Began as a Spriggan Hunter on Feb 3, 2024.
             Succumbed to their own poison gas
             ... on level 1 of the Dungeon.
             The game lasted 00:00:02 (1020 turns).

qw the Shooter (Spriggan Hunter)                    Turns: 1020, Time: 00:00:02

Health: -1/14      AC:  2    Str:  7    XL:     2   Next: 68%
Magic:  3/3        EV: 19    Int: 10    God:
Gold:   93         SH:  0    Dex: 18    Spells: 1/1 levels left

rFire   . . .        a - +0 shortbow (chaos)
rCold   . . .        (shield currently unavailable)
rNeg    . . .        c - +0 robe
rPois   .            (helmet restricted)
rElec   .            (no cloak)
rCorr   .            (gloves unavailable)
SInv    +            (boots unavailable)
Will    .....        (no amulet)
Stlth   ++           (no ring)
HPRegen 0.22/turn    (no ring)
MPRegen 0.08/turn

%: no passive effects
@: lethally poisoned (-1 -> -9), very quick
A: very small, no large weapons, unfitting armour, see invisible, speed 3
a: no special abilities


You were on level 1 of the Dungeon.
You visited 1 branch of the dungeon, and saw 1 of its levels.

You collected 93 gold pieces.


Innate Abilities, Weirdness & Mutations

You are very small and have problems with some larger weapons.
You are too small for most types of armour.
You have supernaturally acute eyesight. (SInv)
You cover ground extremely quickly. (Speed+++)


   Skills:
 - Level 1.5 Fighting
 + Level 4.2 Ranged Weapons
 - Level 4.0 Dodging
 - Level 1.5 Stealth


You had one spell level left.
You didn't know any spells.
Your spell library was empty.

Inventory:

Hand Weapons
 a - a +0 shortbow of chaos (weapon)
Armour
 c - a +0 robe (worn)
Potions
 d - a potion of might
 g - a potion of heal wounds
 h - a potion of resistance {unknown}
 j - a potion of attraction {unknown}
 m - a potion of magic {unknown}

Dungeon Overview and Level Annotations

Branches:
Dungeon (1/15)

Altars:


Message History

a - a +0 shortbow of chaos (weapon)
Done exploring.
1012 ||| READING scroll labelled CEVVUYTU JOEPH.
As you read the scroll labelled CEVVUYTU JOEPH, it crumbles to dust.
You feel momentarily disoriented.
It was a scroll of revelation.
Done exploring.
1013 ||| READING scroll labelled CIUHANUOJI.
As you read the scroll labelled CIUHANUOJI, it crumbles to dust.
You assume a fearsome visage.
Nothing appears to happen.
It was a scroll of fear.
Done exploring.
1014 ||| DRINKING 2 amethyst potions.
It was a potion of heal wounds.
You feel much better.
Done exploring.
1015 ||| DROPPING scroll of butterflies.
You drop a scroll of butterflies.
Done exploring.
What level of the Dungeon? (default 1, ? - help) Sorry, I don't know how to get there.
Enter note:
Enter note:
Enter note:
Enter note:
Enter note:
Enter note:
Enter note:
Enter note:
Enter note: You are engulfed in poison gas.
You are lethally poisoned!
You feel very sick.
1017 ||| Stepping ~*~*~tactically~*~*~ (cloud).
You feel sick.
You see here a scroll of butterflies.
There is a lethal amount of poison in your body!
You feel very sick.
There is a lethal amount of poison in your body!
You feel very sick.
There is a lethal amount of poison in your body!
You die...

############
############
############ ###
############ ..#
############ #.#
############ #.#
############ #.#
####0¤¤@¤### #.# ###
####.##0#### ..#
#.#######.##¤####
#####.#.......%0¤####
......#.#####.#0¤####
.######.#.....#00####
.######.#.#...0¤¤0###
.....^....#.###0#####
.######.#.#.# #.#


There were no monsters in sight!

Vanquished Creatures
  2 dart slugs (D:1)
  2 endoplasms (D:1)
  2 goblins (D:1)
  A hobgoblin (D:1)
  A quokka (D:1)
  A ball python (D:1)
  2 frilled lizards (D:1)
  5 kobolds (D:1)
  3 rats (D:1)
19 creatures vanquished.

Notes
Turn   | Place    | Note
-------+----------+-------------------------------------------
     0 | D:1      | qw the Spriggan Hunter began the quest for the Orb.
     0 | D:1      | Reached XP level 1. HP: 10/10 MP: 2/2
     0 | D:1      | 0 ||| qw: Version: 0.3-a-155-g5e7d8dd
     0 | D:1      | 0 ||| qw: Game counter: 3356
     0 | D:1      | 0 ||| qw: Melee chars always use a shield: true
     0 | D:1      | 0 ||| qw: God list: Okawaru
     0 | D:1      | 0 ||| qw: Allow faded altars: false
     0 | D:1      | 0 ||| qw: Do Orc after clearing Dungeon:15 true
     0 | D:1      | 0 ||| qw: Do second Lair branch before Depths: true
     0 | D:1      | 0 ||| qw: Lair rune preference: random
     0 | D:1      | 0 ||| qw: Goals: Normal
     0 | D:1      | 0 ||| PLANNING D:1-11
    93 | D:1      | Reached skill level 3 in Dodging
   148 | D:1      | Reached XP level 2. HP: 14/14 MP: 3/3
  1009 | D:1      | 1009 ||| READING scroll labelled URERASTRATU.
  1009 | D:1      | 1009 ||| IDENTIFYING pink potion
  1010 | D:1      | 1010 ||| READING scroll labelled RUICEO VYUL.
  1011 | D:1      | 1011 ||| READING scroll labelled ZUZILY ZUTUVYNG.
  1011 | D:1      | 1011 ||| BRANDING +0 shortbow.
  1012 | D:1      | 1012 ||| READING scroll labelled CEVVUYTU JOEPH.
  1013 | D:1      | 1013 ||| READING scroll labelled CIUHANUOJI.
  1014 | D:1      | 1014 ||| DRINKING 2 amethyst potions.
  1015 | D:1      | 1015 ||| DROPPING scroll of butterflies.
  1017 | D:1      | 1017 ||| Stepping ~*~*~tactically~*~*~ (cloud).
  1018 | D:1      | HP: 3/14 [poisoned by you (poison gas)]
  1019 | D:1      | HP: 1/14 [poisoned by you (poison gas)]
  1020 | D:1      | Succumbed to their own poison gas

Levels and vault maps discovered:
D:1:      roderic_octagonal_star, layout_basic, minmay_pentomino_q4

Skill      XL: |  1  2 |
---------------+-------+-----
Dodging        | 3 4 |  4.0
Fighting       | |  1.5
Ranged Weapons | |  4.2
Stealth        | |  1.5

Action                     || total
---------------------------++-------
   Fire: Shortbow          ||    45
    Use: Scroll            ||     5
         Potion            ||     1
 Armour: Robe              ||     2
  Dodge: Dodged            ||    18

Table legend:
 A = Non-vault XP
 B = Vault XP
 C = Vault XP percentage of total XP
 D = Non-vault monster count
 E = Vault monster count
 F = Vault count percentage of total count
                 A         B        C        D         E       F
            +---------+---------+-------+---------+---------+-------
      Total |      27 |       5 |  15.6 |      15 |       4 |  21.1
            +---------+---------+-------+---------+---------+-------
        D:1 |      27 |       5 |  15.6 |      15 |       4 |  21.1
            +---------+---------+-------+---------+---------+-------
